 Dungeon Crawl Stone Soup version 0.30.1-3-gfc49f6343a (webtiles) character file.

Game seed: 12388484613612907313

64 booth the Grave Robber (level 3, -4/25 HPs)
             Began as a Demonspawn Necromancer on Aug 6, 2023.
             Slain by Crazy Yiuf
             ... wielding a +2 quarterstaff of chaos
              (7 damage)
             ... on level 2 of the Dungeon.
             The game lasted 00:10:08 (1527 turns).

booth the Grave Robber (Demonspawn Necromancer)     Turns: 1527, Time: 00:10:08

Health: -4/25      AC: 15    Str: 10    XL:     3   Next: 91%
Magic:  6/6        EV: 12    Int: 16    God:
Gold:   38         SH:  0    Dex: 13    Spells: 2/6 levels left

rFire   + . .        f - +1 dagger (protect)
rCold   + . .        (no shield)
rNeg    . . .        a - +1 robe
rPois   +            (no helmet)
rElec   +            (no cloak)
rCorr   +            (no gloves)
SInv    .            j - +2 pair of boots
Will    .....        (no amulet)
Stlth   ++           (no ring)
HPRegen 0.24/turn    (no ring)
MPRegen 0.10/turn

%: no passive effects
@: brilliant, resistant, under a protective aura
A: claws 1, thin metallic scales 1
a: no special abilities


You were on level 2 of the Dungeon.
You visited 1 branch of the dungeon, and saw 2 of its levels.

You collected 38 gold pieces.

Inventory:

Hand Weapons
 e - a +0 mace
 f - a +1 dagger of protection (weapon)
Missiles
 c - 4 poisoned darts
Armour
 a - a +1 robe (worn)
 j - a +2 pair of boots (worn)
Scrolls
 d - a scroll of silence {unknown}
 h - a scroll of poison
Potions
 b - a potion of magic
 i - a potion of curing
 k - a potion of berserk rage {unknown}
 l - a potion of might {unknown}


   Skills:
 + Level 0.6 Fighting
 + Level 2.3 Dodging
 + Level 2.3 Stealth
 + Level 2.4 Spellcasting
 + Level 4.8 Necromancy
 + Level 1.0 Ice Magic


You had 2 spell levels left.
You knew the following spells:

 Your Spells              Type           Power      Damage    Failure   Level
a - Necrotise             Necr           100%       1d9       2%          1
b - Vampiric Draining     Necr           26%        2d7       9%          3

Your spell library contained the following spells:

 Spells                   Type           Power      Damage    Failure   Level
 Animate Dead             Necr           26%        N/A       26%         4
 Frozen Ramparts          Ice            14%        1d3       36%         3
 Agony                    Necr           26%        N/A       58%         5
 Ice Form                 Ice/Tmut       5%         N/A       85%         4
 Summon Ice Beast         Ice/Summ       5%         N/A       85%         4


Dungeon Overview and Level Annotations

Branches:
Dungeon (2/15)

Altars:

Annotations:
D:2 Crazy Yiuf


Innate Abilities, Weirdness & Mutations

You have sharp fingernails.
You are partially covered in thin metallic scales. (AC +2)


Message History

You start resting.
Your magical contamination has completely faded away.
You start resting.
Your adder skeleton crumbles into dust!
Magic restored.
You start resting.
HP restored.
Crazy Yiuf shouts!
Level annotation: 1 runed translucent door, Crazy Yiuf Welcome back, booth the Demonspawn Necromancer.
Press ? for a list of commands and other information.
You open the door. You hit Crazy Yiuf but do no damage.
Your weapon exudes an aura of protection.
Crazy Yiuf drinks a potion.
Crazy Yiuf seems to speed up.
You closely miss Crazy Yiuf.
Crazy Yiuf hits you with a +2 quarterstaff of chaos!
You feel protected.
Crazy Yiuf hits you with a +2 quarterstaff of chaos.
You hit Crazy Yiuf but do no damage.
Crazy Yiuf says, "Cod chair sow!"
Crazy Yiuf barely misses you.
You hit Crazy Yiuf.
Crazy Yiuf is lightly wounded.
Crazy Yiuf hits you with a +2 quarterstaff of chaos!
* * * LOW HITPOINT WARNING * * *
Crazy Yiuf cries, "Aardvark stair chair!"
Crazy Yiuf hits you but does no damage.
You barely miss Crazy Yiuf.
Crazy Yiuf is lightly wounded.
Crazy Yiuf closely misses you.
It was a potion of brilliance.
You feel clever all of a sudden. Crazy Yiuf barely misses you.
Crazy Yiuf misses you.
As you read the scroll labelled RUUMYWN UD LUY, it crumbles to dust.
The scroll dissolves into smoke.
It was a scroll of fog.
Crazy Yiuf misses you.
You hit Crazy Yiuf.
Crazy Yiuf is moderately wounded.
Crazy Yiuf hits you with a +2 quarterstaff of chaos!
You die...

########
......>###########
.........<)......#
######.###########
....##.#
###.##.###♣♣♣♣♣
###.##.#.+..♣.♣♣♣ ###
♣.[..........♣§§♣#§..#
♣##.#......♣♣♣♣♣@g§..#
♣ #.#....+.♣ ♣♣#§.)# ♣
#.#..###♣♣ ###
♣##.#..## ♣.......#
♣.......### #####
♣####...#.# #.#.#
)...#...#.# #.#.#
.####...#.# #.#.#


You could see Crazy Yiuf (fast).

Vanquished Creatures
  2 adders (D:2)
  3 worms (D:2)
  3 ball pythons
  6 bats
  2 endoplasms (D:2)
  2 giant cockroaches (D:1)
  4 goblins
  2 hobgoblins (D:2)
  3 quokkas (D:2)
  2 frilled lizards
  4 kobolds
  3 rats
36 creatures vanquished.

Notes
Turn   | Place    | Note
-------+----------+-------------------------------------------
     0 | D:1      | booth the Demonspawn Necromancer began the quest for the
                  | Orb.
     0 | D:1      | Reached XP level 1. HP: 13/13 MP: 3/3
   250 | D:1      | Gained mutation: You are partially covered in thin metallic
                  | scales. (AC +2) [demonic ancestry]
   250 | D:1      | Reached XP level 2. HP: 18/19 MP: 5/5
   641 | D:2      | Gained mutation: You have sharp fingernails. [demonic
                  | ancestry]
   641 | D:2      | Reached XP level 3. HP: 24/24 MP: 1/6
   878 | D:2      | Learned a level 3 spell: Vampiric Draining
   997 | D:2      | Found a runed translucent door.
  1407 | D:2      | Reached skill level 1 in Ice Magic
  1516 | D:2      | Noticed Crazy Yiuf
  1527 | D:2      | Slain by Crazy Yiuf

Illustrated notes

Levels and vault maps discovered:
D:1:      psy_arrival_terrarium, layout_rooms
D:2:      layout_basic, serial_forest, infiniplex_forest_lined_3,
          infiniplex_forest_clump_double, infiniplex_forest_zigzag_1,
          infiniplex_forest_lined_3, infiniplex_forest_corner_1,
          infiniplex_forest_lined_corner, infiniplex_forest_lined_1,
          uniq_crazy_yiuf_cottage

Skill      XL: |  1  2  3 |
---------------+----------+-----
Dodging        | 2 |  2.3
Stealth        | 2 |  2.3
Ice Magic      | 1 |  1.0
Fighting       | |  0.6
Spellcasting   | |  2.4
Necromancy     | |  4.8

Action                     || total
---------------------------++-------
  Melee: Mace              ||    15
         Dagger            ||    88
         Punch             ||     2
   Cast: Necrotise         ||    33
         Vampiric Draining ||     1
    Use: Scroll            ||     5
         Potion            ||     1
   Stab: Sleeping          ||     2
 Armour: Robe              ||    45
  Dodge: Dodged            ||    73
